[Event "Marienbad Open IM2 2020"]
[Site "Marianske Lazne"]
[Date "2020.01.19"]
[Round "2.11"]
[White "Tancsa, Tamas"]
[Black "Nguyen, Alex Dac-Vuong"]
[Result "0-1"]
[ECO "B41"]
[WhiteElo "2193"]
[BlackElo "2401"]
[Annotator "RC"]
[PlyCount "156"]
[EventDate "2020.01.18"]
[EventType "tourn"]
[EventCountry "CZE"]
[SourceTitle "playchess.com"]
[Source "ChessBase"]
[SourceQuality "1"]
[TimeControl "40/5400+30:1800+30"]

1. e4 c5 2. Nf3 e6 3. d4 cxd4 4. Nxd4 a6 5. c4 Nf6 6. Nc3 Bb4 7. Qf3 Bxc3+ 8. bxc3 d6 9. Ba3 O-O 10. Nb3 e5 11. Be2 Qc7 12. Rd1 Rd8 13. O-O b6 14. Qe3 Bb7 15. f3 a5 16. g4 Na6 17. Rd2 Nc5 18. Rfd1 Bc6 19. Nxc5 dxc5 20. Bc1 Ba4 21. Rxd8+ Rxd8 22. Rxd8+ Qxd8 23. Qd3 Qxd3 24. Bxd3 Ne8 25. f4 Bd1 26. h3 Nc7 27. fxe5 Ne6 28. Kf2 g5 29. Ke1 Ba4 30. Be3 Kg7 31. Kd2 Kg6 32. Ke1 h6 33. Kd2 Kg7 34. Ke1 Bd7 35. Ke2 Nd8 36. Bf2 Nc6 37. Bg3 Be6 38. Ke3 a4 39. a3 Na5 40. Bh2 Kf8 41. Bg3 Ke7 42. Bh2 Ke8 43. Bg3 Kf8 44. Bh2 Kg7 45. Bg3 Kh7 46. Bh2 Kg6 47. Be2 Bxc4 48. e6 fxe6 49. Bd3 b5 50. Bd6 Bxd3 51. Kxd3 c4+ 52. Kc2 Nc6 53. Bc7 h5 54. Kd2 hxg4 55. hxg4 Ne7 56. Ke3 Nc6 57. Kd2 Kf6 58. Bb6 Ke5 59. Ke3 Kf6 60. Kd2 Ke5 61. Ke3 Kd6 62. Ke2 Ke7 63. Be3 Kf6 64. Bb6 Kf7 65. Bc7 Ke7 66. Bb6 Ne5 67. Be3 Nxg4 68. Bxg5+ Kd6 69. Bf4+ Kc6 70. Kf3 Nf6 71. Ke3 Nd7 72. Kd4 e5+ 73. Bxe5 Nxe5 74. Kxe5 b4 75. cxb4 c3 76. b5+ Kxb5 77. Kd6 c2 78. e5 c1=Q 0-1

[Event "Marienbad Open IM2 2020"]
[Site "Marianske Lazne"]
[Date "2020.01.20"]
[Round "3.12"]
[White "Strebkovs, Andrejs"]
[Black "Sharma Isha"]
[Result "1/2-1/2"]
[ECO "A45"]
[WhiteElo "2278"]
[BlackElo "2169"]
[Annotator "ChessBase"]
[PlyCount "68"]
[EventDate "2020.01.18"]
[EventType "tourn"]
[EventCountry "CZE"]
[SourceTitle "playchess.com"]
[Source "ChessBase"]
[SourceQuality "1"]
[TimeControl "40/5400+30:1800+30"]

1. d4 Nf6 2. g3 g6 3. Bg2 Bg7 4. e4 d6 5. Nc3 c6 6. Nge2 O-O 7. h3 d5 8. e5 Ne8 9. O-O Nc7 10. f4 f5 11. Bf3 a5 12. g4 h6 13. Ng3 e6 14. Rf2 b5 15. Rg2 Kh7 16. g5 hxg5 17. fxg5 c5 18. h4 cxd4 19. Nce2 Nc6 20. h5 Nxe5 21. hxg6+ Kg8 22. Nf4 Nc4 23. Ngh5 e5 24. Nf6+ Bxf6 25. gxf6 Rxf6 26. Qe1 Rc6 27. Nd3 e4 28. Bg5 Qd7 29. Qh4 Qg7 30. Bh6 Qf6 31. Bg5 Qh8 32. Bh6 Qf6 33. Bg5 Qg7 34. Bh6 Qf6 1/2-1/2

[Event "Marienbad Open IM2 2020"]
[Site "Marianske Lazne"]
[Date "2020.01.21"]
[Round "4.11"]
[White "Tancsa, Tamas"]
[Black "Vatsal Singhania"]
[Result "0-1"]
[ECO "B69"]
[WhiteElo "2193"]
[BlackElo "2230"]
[Annotator "ChessBase"]
[PlyCount "68"]
[EventDate "2020.01.18"]
[EventType "tourn"]
[EventCountry "CZE"]
[SourceTitle "playchess.com"]
[Source "ChessBase"]
[SourceQuality "1"]
[TimeControl "40/5400+30:1800+30"]

1. e4 c5 2. Nf3 d6 3. d4 cxd4 4. Nxd4 Nf6 5. Nc3 Nc6 6. Bg5 e6 7. Qd2 a6 8. O-O-O Bd7 9. f4 Be7 10. Nf3 b5 11. Bxf6 gxf6 12. f5 Qb6 13. Bd3 O-O-O 14. Ne2 Kb8 15. Kb1 Bc8 16. Nf4 Qc5 17. Rhe1 Rhg8 18. Rc1 Rge8 19. c4 b4 20. Nd5 a5 21. Qh6 Ne5 22. Nxe5 dxe5 23. Nxe7 Qxe7 24. Bc2 Bb7 25. Ba4 Rg8 26. c5 Rxg2 27. c6 Rdd2 28. c7+ Kc8 29. Bb3 Rxb2+ 30. Ka1 Rxa2+ 31. Bxa2 b3 32. Qe3 Rxa2+ 33. Kb1 Qa3 34. Qc3 Rxh2 0-1

[Event "Marienbad Open IM2 2020"]
[Site "Marianske Lazne"]
[Date "2020.01.21"]
[Round "4.14"]
[White "Sharma Isha"]
[Black "Hilwerda, Jonas"]
[Result "1-0"]
[ECO "B40"]
[WhiteElo "2169"]
[BlackElo "2230"]
[Annotator "ChessBase"]
[PlyCount "93"]
[EventDate "2020.01.18"]
[EventType "tourn"]
[EventCountry "CZE"]
[SourceTitle "playchess.com"]
[Source "ChessBase"]
[SourceQuality "1"]
[TimeControl "40/5400+30:1800+30"]

1. e4 c5 2. Nf3 e6 3. g3 Nc6 4. Bg2 Nf6 5. Qe2 e5 6. d3 Be7 7. O-O h6 8. c3 O-O 9. Re1 Re8 10. Na3 Bf8 11. Nc4 d6 12. Ne3 Be6 13. c4 Rb8 14. b3 a6 15. Nd5 b5 16. Be3 Bg4 17. h3 Bxf3 18. Qxf3 Nxd5 19. cxd5 Ne7 20. h4 g6 21. g4 Bg7 22. Bh3 Nc8 23. g5 h5 24. Kh1 Nb6 25. Rec1 Qe7 26. Rab1 b4 27. Qe2 Qb7 28. f3 Re7 29. a3 a5 30. Rc2 Ra8 31. Ra2 Ree8 32. a4 Qe7 33. Rf1 Nd7 34. Qg2 Rf8 35. Qg3 Rae8 36. Rg2 Kh7 37. Rfg1 Nb6 38. Qe1 Nd7 39. Bc1 Nb6 40. Bb2 Qb7 41. Rf2 Nc8 42. f4 f5 43. gxf6 Bxf6 44. f5 Bxh4 45. fxg6+ Kh6 46. Bc1+ Rf4 47. Rxf4 1-0

[Event "Marienbad Open IM2 2020"]
[Site "Marianske Lazne"]
[Date "2020.01.21"]
[Round "5.11"]
[White "Strebkovs, Andrejs"]
[Black "Tancsa, Tamas"]
[Result "1-0"]
[ECO "A53"]
[WhiteElo "2278"]
[BlackElo "2193"]
[Annotator "NA"]
[PlyCount "85"]
[EventDate "2020.01.18"]
[EventType "tourn"]
[EventCountry "CZE"]
[SourceTitle "playchess.com"]
[Source "ChessBase"]
[SourceQuality "1"]
[TimeControl "40/5400+30:1800+30"]

1. d4 Nf6 2. c4 d6 3. Nc3 Nbd7 4. Nf3 g6 5. Bg5 Bg7 6. e3 O-O 7. Be2 h6 8. Bh4 c6 9. O-O Qc7 10. b4 e5 11. c5 d5 12. Qb3 Re8 13. Rad1 Ne4 14. Nxe4 dxe4 15. Bc4 Nxc5 16. dxc5 exf3 17. gxf3 b5 18. cxb6 axb6 19. a4 Kh7 20. Bxf7 Rf8 21. Be6 Rxf3 22. b5 Bxe6 23. Qxe6 cxb5 24. axb5 Raf8 25. Rd7 Qc8 26. Ra1 Qc3 27. Rad1 Qc2 28. R7d2 Qa4 29. Bg3 Qxb5 30. Rd7 R3f5 31. Qe7 R8f7 32. Qxf7 Rxf7 33. Rxf7 Kg8 34. Rc7 Bf8 35. Rd8 Qb1+ 36. Kg2 Qe4+ 37. f3 Qxe3 38. Rcc8 Qe2+ 39. Bf2 e4 40. Rxf8+ Kg7 41. Rce8 exf3+ 42. Kg3 Qd3 43. Rd8 1-0

[Event "Marienbad Open IM2 2020"]
[Site "Marianske Lazne"]
[Date "2020.01.21"]
[Round "5.15"]
[White "Vatsal Singhania"]
[Black "Jurek, Josef"]
[Result "1-0"]
[ECO "C03"]
[WhiteElo "2230"]
[BlackElo "2235"]
[Annotator "NA"]
[PlyCount "105"]
[EventDate "2020.01.18"]
[EventType "tourn"]
[EventCountry "CZE"]
[SourceTitle "playchess.com"]
[Source "ChessBase"]
[SourceQuality "1"]
[TimeControl "40/5400+30:1800+30"]

1. e4 e6 2. d4 d5 3. Nd2 Be7 4. Bd3 c5 5. dxc5 Nf6 6. Qe2 O-O 7. Ngf3 a5 8. O-O Na6 9. exd5 exd5 10. c6 bxc6 11. Ne5 Bd6 12. Ndf3 Qc7 13. Bf4 Re8 14. Rfe1 Nc5 15. Ng5 Bg4 16. Qe3 Bh5 17. Qg3 h6 18. Nh3 Nce4 19. Bxe4 Nxe4 20. Rxe4 dxe4 21. Ng4 Bxf4 22. Nf6+ Kh8 23. Nxf4 gxf6 24. Ng6+ Bxg6 25. Qxc7 Rec8 26. Qf4 Kg7 27. Rd1 Ra7 28. Rd6 f5 29. h4 h5 30. Qe5+ Kh7 31. a4 Rb7 32. b3 c5 33. Qd5 Rb4 34. Rd7 Kg7 35. Qe5+ Kg8 36. Qf6 Rbb8 37. Kh2 c4 38. Kg3 cxb3 39. cxb3 e3 40. fxe3 Rxb3 41. Kf4 Rbc3 42. Rd8+ Rxd8 43. Qxd8+ Kh7 44. Qxa5 Rc4+ 45. Kf3 Rxh4 46. Qb5 Rh1 47. a5 Ra1 48. a6 h4 49. Qb7 f4 50. exf4 Ra3+ 51. Kg4 Kh6 52. a7 h3 53. a8=Q 1-0

[Event "Marienbad Open IM2 2020"]
[Site "Marianske Lazne"]
[Date "2020.01.22"]
[Round "6.11"]
[White "Tancsa, Tamas"]
[Black "Jurek, Josef"]
[Result "1/2-1/2"]
[ECO "B44"]
[WhiteElo "2193"]
[BlackElo "2235"]
[Annotator "NA"]
[PlyCount "39"]
[EventDate "2020.01.18"]
[EventType "tourn"]
[EventCountry "CZE"]
[SourceTitle "playchess.com"]
[Source "ChessBase"]
[SourceQuality "1"]
[TimeControl "40/5400+30:1800+30"]

1. e4 c5 2. Nf3 e6 3. d4 cxd4 4. Nxd4 Nc6 5. Nb5 d6 6. c4 Nf6 7. N1c3 a6 8. Na3 b6 9. Be3 Bb7 10. f3 Be7 11. Be2 O-O 12. O-O Nb8 13. Qd2 Nbd7 14. Nc2 Qc7 15. Rac1 Rac8 16. Nd4 Qb8 17. Kh1 Rfe8 18. b4 d5 19. cxd5 exd5 20. Nxd5 1/2-1/2

[Event "Marienbad Open IM2 2020"]
[Site "Marianske Lazne"]
[Date "2020.01.22"]
[Round "6.14"]
[White "Marszalek, Maciej"]
[Black "Gorbatov, Alexej"]
[Result "1/2-1/2"]
[ECO "D33"]
[WhiteElo "2314"]
[BlackElo "2355"]
[Annotator "NA"]
[PlyCount "67"]
[EventDate "2020.01.18"]
[EventType "tourn"]
[EventCountry "CZE"]
[SourceTitle "playchess.com"]
[Source "ChessBase"]
[SourceQuality "1"]
[TimeControl "40/5400+30:1800+30"]

1. d4 d5 2. c4 e6 3. Nf3 c5 4. cxd5 exd5 5. Nc3 Nf6 6. g3 Nc6 7. Bg2 cxd4 8. Nxd4 Bc5 9. Nxc6 bxc6 10. O-O O-O 11. Na4 Bb6 12. Nxb6 axb6 13. Qc2 Bb7 14. Rd1 Qe7 15. Bg5 h6 16. Bxf6 Qxf6 17. a4 Rfd8 18. e3 c5 19. a5 Ra6 20. axb6 Rxb6 21. Rab1 c4 22. b3 Rb4 23. bxc4 Rxc4 24. Qa2 Bc6 25. Qe2 Ra4 26. Rbc1 Bb7 27. Qc2 Rc4 28. Qb1 Rxc1 29. Qxc1 Qb6 30. Qb1 Qxb1 31. Rxb1 Ba6 32. Rd1 Bc4 33. Bf1 Rc8 34. Rc1 1/2-1/2

[Event "Marienbad Open IM2 2020"]
[Site "Marianske Lazne"]
[Date "2020.01.22"]
[Round "6.15"]
[White "Strebkovs, Andrejs"]
[Black "Hilwerda, Jonas"]
[Result "1-0"]
[ECO "E81"]
[WhiteElo "2278"]
[BlackElo "2230"]
[Annotator "NA"]
[PlyCount "81"]
[EventDate "2020.01.18"]
[EventType "tourn"]
[EventCountry "CZE"]
[SourceTitle "playchess.com"]
[Source "ChessBase"]
[SourceQuality "1"]
[TimeControl "40/5400+30:1800+30"]

1. d4 Nf6 2. c4 g6 3. f3 Bg7 4. e4 d6 5. Nc3 O-O 6. Be3 c5 7. dxc5 dxc5 8. Qxd8 Rxd8 9. Bxc5 Nc6 10. Be3 Be6 11. Rd1 Nd7 12. Nd5 Bxb2 13. Rb1 Bxd5 14. cxd5 Bc3+ 15. Kf2 Na5 16. Nh3 a6 17. Nf4 b5 18. Be2 Rdc8 19. Rhc1 Rc7 20. d6 exd6 21. Nd5 Rac8 22. Nxc7 Rxc7 23. Bd2 Bd4+ 24. Ke1 Nc4 25. Bxc4 bxc4 26. Rb4 Nb6 27. Bc3 Bxc3+ 28. Rxc3 Rc6 29. Kd2 g5 30. Ra3 Nd7 31. Rba4 Nc5 32. Rxc4 Kg7 33. Rd3 Kf6 34. Rd5 Ke6 35. Rxg5 f5 36. Ke3 fxe4 37. fxe4 Rb6 38. Rh5 Rb2 39. Rh6+ Ke5 40. Rd4 Re2+ 41. Kxe2 {[%emt 0:30:16] Kd5} 1-0

[Event "Marienbad Open IM2 2020"]
[Site "Marianske Lazne"]
[Date "2020.01.24"]
[Round "8.12"]
[White "Sharma Isha"]
[Black "Jurek, Josef"]
[Result "1-0"]
[ECO "B40"]
[WhiteElo "2169"]
[BlackElo "2235"]
[Annotator "NA"]
[PlyCount "63"]
[EventDate "2020.01.18"]
[EventType "tourn"]
[EventCountry "CZE"]
[SourceTitle "playchess.com"]
[Source "ChessBase"]
[SourceQuality "1"]
[TimeControl "40/5400+30:1800+30"]

1. e4 c5 2. Nf3 e6 3. g3 Nc6 4. Bg2 Nf6 5. Qe2 d5 6. exd5 Nxd5 7. O-O Be7 8. Rd1 Qb6 9. Nc3 Nxc3 10. dxc3 O-O 11. Nd2 Rd8 12. Nc4 Rxd1+ 13. Qxd1 Qd8 14. Qxd8+ Nxd8 15. Bf4 f6 16. Bc7 Nf7 17. Rd1 e5 18. Ne3 Kf8 19. f4 Ke8 20. fxe5 fxe5 21. Bd5 Bf6 22. a4 a5 23. Nc4 Bg4 24. Re1 Ra6 25. Bxb7 Re6 26. Bd5 Re7 27. Bb6 Ng5 28. Bxc5 Be6 29. Bc6+ Bd7 30. Bxe7 Bxc6 31. Nxe5 Be4 32. h4 1-0

[Event "Marienbad Open IM2 2020"]
[Site "Marianske Lazne"]
[Date "2020.01.24"]
[Round "8.14"]
[White "Strebkovs, Andrejs"]
[Black "Nguyen, Alex Dac-Vuong"]
[Result "0-1"]
[ECO "A57"]
[WhiteElo "2278"]
[BlackElo "2401"]
[Annotator "NA"]
[PlyCount "60"]
[EventDate "2020.01.18"]
[EventType "tourn"]
[EventCountry "CZE"]
[SourceTitle "playchess.com"]
[Source "ChessBase"]
[SourceQuality "1"]
[TimeControl "40/5400+30:1800+30"]

1. d4 Nf6 2. c4 c5 3. d5 b5 4. cxb5 a6 5. f3 axb5 6. e4 Qa5+ 7. Bd2 b4 8. Na3 d6 9. Nc4 Qd8 10. a3 e6 11. dxe6 Bxe6 12. axb4 Rxa1 13. Qxa1 d5 14. exd5 Nxd5 15. b5 Be7 16. Qa5 Qc8 17. b3 O-O 18. Bd3 Nb4 19. Be4 Rd8 20. Nb6 Qc7 21. Ne2 Qd6 22. Bxb4 Qd1+ 23. Kf2 Qxh1 24. Bd2 Bh4+ 25. g3 Qxh2+ 26. Ke3 Bg5+ 27. f4 Bg4 28. fxg5 Qxe2+ 29. Kf4 Rd4 30. Be3 Qf3+ 0-1